 Dungeon Crawl Stone Soup version 0.23-b1-67-g8bd44de (webtiles) character file.

Game seed: 11502373419351817103

56 doot the Insei (level 3, 0/26 HPs)
             Began as a Merfolk Transmuter on Feb 6, 2019.
             Slain by an orc wizard
             ... wielding a +2 dagger of protection
              (4 damage)
             ... on level 4 of the Dungeon.
             The game lasted 00:02:29 (1122 turns).

doot the Insei (Merfolk Transmuter)                 Turns: 1122, Time: 00:02:30

Health: 0/26       AC:  3    Str: 10    XL:     3   Next: 95%
Magic:  6/7        EV: 13    Int: 13    God:
Gold:   20         SH:  0    Dex: 14    Spells: 1/7 levels left

rFire    . . .     SeeInvis .   i - +0 trident
rCold    . . .     Gourm    .   (no shield)
rNeg     . . .     Faith    .   b - +0 robe
rPois    .         Spirit   .   (no helmet)
rElec    .         Reflect  .   (no cloak)
rCorr    .         Harm     .   (no gloves)
MR       .....                  g - +0 pair of boots
Stlth    ++........             (no amulet)
HPRegen  0.08/turn              (no ring)
MPRegen  0.10/turn              (no ring)

@: berserk cooldown, slowed, very slow
A: change form in water, swift swim, stealthy swim
a: no special abilities


You were on level 4 of the Dungeon.
You were not hungry.

You visited 1 branch of the dungeon, and saw 4 of its levels.

You collected 20 gold pieces.

Inventory:

Hand Weapons
 i - a +0 trident (weapon)
Missiles
 a - 33 arrows
Armour
 b - a +0 robe (worn)
 g - a +0 pair of boots (worn)
Scrolls
 e - a scroll of noise {unknown}
 h - a scroll of identify {unknown}
Comestibles
 d - 3 rations
 j - a chunk of flesh


   Skills:
 + Level 1.1 Fighting
 + Level 0.6 Polearms
 + Level 3.2 Dodging
 + Level 1.0 Stealth
 + Level 3.9 Unarmed Combat
 + Level 2.6 Spellcasting
 + Level 3.1 Transmutations


You had one spell level left.
You knew the following spells:

 Your Spells              Type           Power        Failure   Level  Hunger
a - Beastly Appendage     Tmut           ##....       6%          1    #......
b - Sticks to Snakes      Tmut           ##......     10%         2    ###....
c - Spider Form           Tmut/Pois      #.........   36%         3    ###....

Your spell library contained the following spells:

 Spells                   Type           Power        Failure   Level  Hunger
 Ice Form                 Ice/Tmut       #.......     77%         4    #####..
 Blade Hands              Tmut           ##........   87%         5    ######.


Dungeon Overview and Level Annotations

Branches:
Dungeon (4/15)
 Temple: D:4-7

Altars:
Trog


Message History

You hear some strange, mumbled words.
A puff of flame appears from out of thin air!
The puff of flame hits you!
You barely miss something. Something hits you but does no damage.
Something hits you.
You miss something. Something hits you.
* * * LOW HITPOINT WARNING * * *
Something hits you.
* * * LOW HITPOINT WARNING * * *
As you read the scroll labeled FEZXUODAEREMM, it crumbles to dust.
You feel blessed for a moment.
It was a scroll of remove curse.
Something hits you.
* * * LOW HITPOINT WARNING * * *
Something hits you.
* * * LOW HITPOINT WARNING * * *
Unknown command.
You barely miss something. Something hits you but does no damage.
Something barely misses you.
You barely miss something. Something hits you.
You die...

#. ####.# #. #.<...
#.###....##
.....)... .......#
#..####..#...####
#.....<.###.....#
##.####..#...##.#
##...#.##@#
#..<##.##)#
#.#.##.##o#
#............h.h..
.........##.#.###.#
###...######.#.#
##.# #.# # #. #..
#..


You could see an orc.

Vanquished Creatures
  An orc wizard (D:4)
  An ooze (D:1)
  A worm (D:2)
  An orc (D:4)
  A giant cockroach (D:3)
  5 goblins
  2 hobgoblins
  4 jackals (D:4)
  2 bats
  4 kobolds (D:1)
22 creatures vanquished.

Vanquished Creatures (collateral kills)
  A rat (D:2)
1 creature vanquished.

Grand Total: 23 creatures vanquished

Notes
Turn   | Place    | Note
-------+----------+-------------------------------------------
     0 | D:1      | doot the Merfolk Transmuter began the quest for the Orb.
     0 | D:1      | Reached XP level 1. HP: 15/15 MP: 3/3
   113 | D:1      | Reached XP level 2. HP: 12/21 MP: 3/5
   748 | D:1      | Learned a level 2 spell: Sticks to Snakes
   769 | D:2      | HP: 1/21 [goblin/+0 club (6)]
  1009 | D:3      | Found a bloodstained altar of Trog.
  1053 | D:3      | Reached XP level 3. HP: 23/26 MP: 4/6
  1058 | D:3      | Learned a level 3 spell: Spider Form
  1105 | D:4      | Reached skill level 1 in Stealth
  1122 | D:4      | Slain by an orc wizard

Skill      XL: |  1  2  3 |
---------------+----------+-----
Dodging        | 3 |  3.2
Stealth        | 1 |  1.0
Transmutations | 3 |  3.1
Fighting       | |  1.1
Polearms       | |  0.6
Unarmed Combat | |  3.9
Spellcasting   | |  2.6

Action                   || total
-------------------------++-------
Melee: Unarmed           ||    43
       Headbutt          ||     5
       Trident           ||    26
 Cast: Beastly Appendage ||    11
       Sticks to Snakes  ||     1
       Spider Form       ||     1
  Use: Scroll            ||     1
       Potion            ||     1
 Stab: Sleeping          ||     1
  Eat: Chunk             ||     1
Armor: Robe              ||    16
       Skin              ||     1
Dodge: Dodged            ||    38
